 Dungeon Crawl Stone Soup version 0.31-a0-1236-gaa9e43cceb (webtiles) character file.

Game seed: 17620755700280326931

13356 Ivernyr the Cruncher (level 12, 0/145 HPs)
             Began as a Formicid Fighter on Dec 15, 2023.
             Was a Priest of Wu Jian.
             Slain by a red draconian
             ... wielding a +0 dire flail
              (6 damage)
             ... in a volcano.
             The game lasted 00:20:54 (10003 turns).

Ivernyr the Cruncher (Formicid Fighter)            Turns: 10003, Time: 00:20:55

Health: 0/145      AC: 26    Str: 29 (31) XL:     12   Next: 31%
Magic:  12/12      EV:  2    Int:  6 (9)  God:    Wu Jian [***...]
Gold:   699        SH:  6    Dex: 11 (13) Spells: 11/11 levels left

rFire   + . .        a - +2 lajatang (elec)
rCold   . . .        c - +0 buckler
rNeg    . . .        b - melded +0 scale mail
rPois   +            (helmet unavailable)
rElec   .            p - melded +0 cloak
rCorr   .            (gloves currently unavailable)
SInv    .            (boots currently unavailable)
Will    ++...        (no amulet)
Stlth   +            D - ring of protection from fire
HPRegen 0.44/turn    C - +6 ring of strength
MPRegen 0.13/turn

%: no passive effects
@: tree-form, attractive, enlightened
A: stationary, stasis, torment immunity, boosted hp, permanent stasis, dig
shafts and tunnels, (antennae 3), four strong arms
a: Renounce Religion, Wall Jump, Serpent's Lash


You were in a volcano.
You worshipped Wu Jian.
Wu Jian was most pleased with you.
You were a tree.
You visited 3 branches of the dungeon, and saw 12 of its levels.
You also visited: Sewer and Volcano.

You collected 699 gold pieces.

Inventory:

Hand Weapons
 a - a +2 lajatang of electrocution (weapon)
Missiles
 z - a throwing net
Armour
 b - a +0 scale mail (melded)
 c - a +0 buckler (worn)
 p - a +0 cloak (melded)
Jewellery
 f - a +6 ring of dexterity
 C - a +6 ring of strength (right branch)
 D - a ring of protection from fire (left branch)
 E - a +6 ring of strength
Wands
 F - a wand of paralysis (10)
 G - a wand of iceblast (4)
Scrolls
 e - 2 scrolls of identify
 g - a scroll of fog
 l - 3 scrolls of enchant armour
 w - a scroll of fear
 y - a scroll of amnesia
Potions
 d - a potion of ambrosia {unknown}
 h - a potion of curing
 k - a potion of attraction
 m - a potion of berserk rage {unknown}
 o - 2 potions of enlightenment
 q - a potion of heal wounds {unknown}
 r - 3 potions of degeneration
 s - 3 potions of haste
 u - 2 potions of magic
 v - a potion of lignification
 H - a potion of might


   Skills:
 + Level 10.0 Fighting
 * Level 12.3 Staves
 + Level 10.0 Armour
 + Level 11.8 Shields


You had 11 spell levels left.
You didn't know any spells.
Your spell library contained the following spells:

 Spells                   Type           Power      Damage    Failure   Level
 Necrotise                Necr           0%         1d4       50%         1
 Sting                    Tmut/Pois      0%         1d3       50%         1
 Poisonous Vapours        Pois/Air       0%         N/A       63%         2
 Wereblood                Tmut           0%         N/A       63%         2
 Gell's Gravitas          Tloc           0%         N/A       86%         3
 Ozocubu's Armour         Ice            0%         N/A       86%         3
 Teleport Other           Tloc           0%         N/A       86%         3
 Vampiric Draining        Necr           0%         2d6       86%         3
 Olgreb's Toxic Radiance  Pois           0%         N/A       99%         4
 Agony                    Necr           0%         N/A       100%        5
 Irradiate                Conj/Tmut      0%         3d11      100%        5
 Metabolic Englaciation   Hex/Ice        0%         N/A       100%        5
 Dispersal                Tloc           0%         N/A       100%        6
 Simulacrum               Ice/Necr       0%         N/A       100%        6


Dungeon Overview and Level Annotations

Branches:
Dungeon (10/15)            Temple (1/1) D:6            Lair (1/5) D:10
  Sewer (visited)         Volcano (1/1)
    Orc: D:9-12

Altars:
Ashenzari
Cheibriados
Dithmenos
Elyvilon
Fedhas
Gozag
Hepliaklqana
Kikubaaqudgha
Makhleb
Nemelex Xobeh
Okawaru
Qazlal
Ru
Sif Muna
Trog
Uskayaw
Vehumet
Wu Jian
Xom
Yredelemnul
Zin
The Shining One

Shops:
D:4 *

Annotations:
D:3 3 runed translucent doors, rumpelstilzz's ghost, amateur TrWr
D:4 2 transporters, iamserjio's ghost, amateur OpCK
Lair:1 Gastronok


Innate Abilities, Weirdness & Mutations

You are a tree.
Your roots penetrate the ground, keeping you stationary.
You cannot be teleported.
You are immune to unholy pain and torment.
Your maximum health is greatly increased.
Your equipment is partially melded.
You cannot be hasted, slowed, berserked, paralysed or teleported.
You can dig through walls and to a lower floor.
((You have a pair of large antennae on your head. (SInv)))
Your four strong arms can wield two-handed weapons with a shield.


Message History

You see here a +0 mace.
You hit the red draconian but do no damage.
The red draconian is severely wounded.
The molten gargoyle hits you with a +0 mace!
You are engulfed in flames.
You resist.
You hit the red draconian.
The red draconian is severely wounded.
The red draconian hits you with a +0 dire flail!
* * * LOW HITPOINT WARNING * * *
The molten gargoyle blasts magma at you!
The bolt of magma hits you! You partially resist.
* * * LOW HITPOINT WARNING * * *
Your muscles tense, ready for explosive movement...
Your supernatural speed expires.
There is a large open door here.
You close the large door.
Something unseen opens the large door.
You feel less exhausted. The red draconian breathes fire at you.
The searing blast hits you! You resist.
* * * LOW HITPOINT WARNING * * *
You feel better.
It was a potion of enlightenment.
You feel very buoyant.
You fly up into the air.
It was a potion of degeneration.
There was something very wrong with that liquid.
You feel weakened.
You feel dopey.
You feel clumsy.
It was a potion of attraction.
You feel attractive to monsters. You block the red draconian's attack.
It was a potion of magic.
Magic courses through your body.
The red draconian hits you with a +0 dire flail!
* * * LOW HITPOINT WARNING * * *
It was a potion of lignification.
You turn into a tree.
Your +0 cloak melds into your body.
Your +0 scale mail melds into your body.
Your roots penetrate the ground.
The red draconian hits you with a +0 dire flail.
You die...

#...)... #8.....8
##++#''#
###############.....#
#~~.....)......8...8.
#~~.....)........⌠...
###..##########.....#
#..# ###### #.....#
#.♣# #.##.# #8...8#
#9d###'##'#########
#.....9.......# #..
#.....d.......# #..
############''###')
##....#...
##...#.#.#.
###..#~~~#~~~
###.9##~~~~#~~~


You could see a red draconian and a molten gargoyle.

Vanquished Creatures
  2 two-headed ogres (D:9)
  Amaemon (Lair:1)
  A salamander mystic (Volcano)
  3 salamanders (Volcano)
  A cyclops (Volcano)
  A slime creature (D:8)
  2 cane toads (Lair:1)
  2 gargoyles (Volcano)
  3 molten gargoyles (Volcano)
  An orange demon (Lair:1)
  A kobold demonologist (D:9)
  A komodo dragon (Lair:1)
  Prince Ribbit (D:6)
  Sigmund (D:5)
  A shadow (D:10)
  8 yaks
  2 wyverns
  2 basilisks (Lair:1)
  3 wargs (D:10)
  An acid dragon (D:9)
  3 water moccasins
  A sky beast (D:6)
  2 orc warriors (D:9)
  2 black bears (D:5)
  3 ice beasts
  2 centaurs (D:10)
  An ogre (D:4)
  A wolf (Lair:1)
  A phantom (D:5)
  4 kobold brigands
  A gnoll sergeant (D:8)
  3 bullfrogs
  5 scorpions
  14 killer bees (D:9)
  2 howler monkeys
  A quasit (D:8)
  A jelly (D:8)
  4 orc priests
  4 hounds
  Crazy Yiuf (D:5)
  A sleepcap (D:5)
  An iron imp (D:10)
  4 iguanas
  2 gnoll boudas
  Natasha (thrice) (D:3)
  7 orc wizards
  A hell rat (Sewer)
  12 gnolls
  7 adders
  A river rat (Sewer)
  A shadow imp (D:6)
  3 white imps
  4 ufetubi (D:6)
  A worm (D:4)
  4 dart slugs
  16 orcs
  4 ball pythons
  2 endoplasms
  4 giant cockroaches (D:3)
  7 goblins
  7 hobgoblins
  31 kobolds
  3 quokkas
  2 training dummies (D:5)
  6 bats
  4 frilled lizards
  A goblin skeleton (D:8)
  A goblin zombie (D:8)
  6 hobgoblin zombies (D:8)
  3 kobold skeletons (D:8)
  A kobold zombie (D:8)
  12 rats
256 creatures vanquished.

Vanquished Creatures (collateral kills)
  A white imp (D:5)
1 creature vanquished.

Grand Total: 257 creatures vanquished

Notes
Turn   | Place    | Note
-------+----------+-------------------------------------------
     0 | D:1      | Ivernyr the Formicid Fighter began the quest for the Orb.
     0 | D:1      | Reached XP level 1. HP: 18/18 MP: 1/1
   112 | D:1      | Reached XP level 2. HP: 24/24 MP: 2/2
   466 | D:1      | Reached XP level 3. HP: 26/29 MP: 3/3
  1072 | D:2      | Reached skill level 3 in Staves
  1072 | D:2      | Reached XP level 4. HP: 32/37 MP: 4/4
  1719 | D:3      | Noticed Natasha
  1727 | D:3      | Killed Natasha
  1728 | D:3      | Reached XP level 5. HP: 34/42 MP: 5/5
  1772 | D:3      | Noticed Natasha
  1784 | D:3      | Killed Natasha
  1817 | D:3      | Noticed Natasha
  1826 | D:3      | Killed Natasha
  1827 | D:3      | Reached skill level 5 in Shields
  1937 | D:3      | Found a glowing drain.
  1977 | Sewer    | Entered a sewer
  2012 | Sewer    | Reached XP level 6. HP: 34/48 MP: 6/6
  2152 | D:3      | Found a runed translucent gate.
  2152 | D:3      | Found a runed translucent gate.
  2152 | D:3      | Found a runed translucent gate.
  2154 | D:3      | Noticed rumpelstilzz's ghost (amateur TrWr)
  2171 | D:3      | Reached skill level 4 in Staves
  2228 | D:3      | Found a radiant altar of Vehumet.
  2285 | D:4      | Found Izxism's General Store.
  2321 | D:4      | Noticed iamserjio's ghost (amateur OpCK)
  2331 | D:4      | Found a transporter.
  2375 | D:4      | Found a burning altar of Makhleb.
  2499 | D:4      | Found a transporter.
  2566 | D:4      | Found an ancient bone altar of Kikubaaqudgha.
  2592 | D:4      | Found a sparkling altar of Nemelex Xobeh.
  2858 | D:4      | Noticed an ogre
  2867 | D:4      | Killed an ogre
  2868 | D:4      | Reached XP level 7. HP: 38/55 MP: 7/7
  3083 | D:5      | Entered Level 5 of the Dungeon
  3091 | D:5      | Reached skill level 5 in Staves
  3228 | D:5      | Reached skill level 5 in Fighting
  3228 | D:5      | Reached skill level 5 in Armour
  3244 | D:5      | Found a shadowy altar of Dithmenos.
  3531 | D:5      | Found a runed translucent door.
  3532 | D:5      | Noticed Crazy Yiuf
  3539 | D:5      | Killed Crazy Yiuf
  3681 | D:5      | Reached XP level 8. HP: 61/62 MP: 8/8
  3692 | D:5      | Noticed Sigmund
  3716 | D:5      | Killed Sigmund
  3717 | D:5      | Reached skill level 6 in Staves
  3951 | D:5      | Found an iron altar of Okawaru.
  4000 | D:6      | Found a sacrificial altar of Ru.
  4076 | D:6      | Reached XP level 9. HP: 32/69 MP: 9/9
  4265 | D:6      | Reached skill level 7 in Staves
  4276 | D:6      | Noticed Prince Ribbit
  4289 | D:6      | Killed Prince Ribbit
  4762 | D:6      | Found a staircase to the Ecumenical Temple.
  4783 | Temple   | Entered the Ecumenical Temple
  4791 | Temple   | Became a worshipper of the Wu Jian Council
  4968 | D:7      | Found a broken altar of Ashenzari.
  4994 | D:7      | You fall into a shaft and drop 1 floor!
  5177 | D:8      | Found a glowing golden altar of the Shining One.
  5552 | D:8      | Reached skill level 8 in Staves
  5677 | D:8      | Reached * piety under Wu Jian
  5746 | D:7      | Identified a scroll of acquirement
  5753 | D:7      | Acquired a +2 lajatang of electrocution
  5754 | D:7      | Found a hide-covered altar of Uskayaw.
  6135 | D:7      | Reached XP level 10. HP: 79/79 MP: 10/10
  6304 | D:8      | Found an opulent altar of Gozag.
  6320 | D:8      | You fall into a shaft and drop 2 floors!
  6320 | D:10     | Entered Level 10 of the Dungeon
  6498 | D:9      | Noticed a two-headed ogre
  6504 | D:9      | Killed a two-headed ogre
  6505 | D:9      | Reached skill level 9 in Staves
  6675 | D:9      | Found a large runed translucent door.
  6675 | D:9      | Found a large runed translucent door.
  6781 | D:9      | Noticed a kobold demonologist
  6785 | D:9      | Killed a kobold demonologist
  6812 | D:9      | Reached ** piety under Wu Jian
  7263 | D:9      | Reached skill level 10 in Staves
  7512 | D:9      | Found a shimmering altar of Xom.
  7513 | D:9      | Found a hazy altar of Hepliaklqana.
  7514 | D:9      | Noticed a spectral ugly thing
  7786 | D:9      | Reached skill level 10 in Shields
  7786 | D:9      | Reached XP level 11. HP: 78/87 MP: 11/11
  7811 | D:9      | Noticed a two-headed ogre
  7816 | D:9      | Killed a two-headed ogre
  7834 | D:9      | Found a white marble altar of Elyvilon.
  7839 | D:9      | Found a blossoming altar of Fedhas.
  7975 | D:10     | Found a snail-covered altar of Cheibriados.
  8005 | D:10     | Found a staircase to the Lair.
  8236 | D:10     | Reached *** piety under Wu Jian
  8245 | D:10     | Reached skill level 11 in Staves
  8647 | Lair:1   | Entered Level 1 of the Lair of Beasts
  9024 | Lair:1   | Noticed Amaemon
  9031 | Lair:1   | Noticed Gastronok
  9036 | Lair:1   | Killed Amaemon
  9230 | Lair:1   | Found a dark tunnel.
  9237 | Volcano  | Entered a volcano
  9276 | Volcano  | Noticed a salamander
  9288 | Volcano  | Killed a salamander
  9295 | Volcano  | Noticed a salamander
  9305 | Volcano  | Killed a salamander
  9405 | Volcano  | Noticed a cyclops
  9413 | Volcano  | Killed a cyclops
  9414 | Volcano  | Reached XP level 12. HP: 93/96 MP: 12/12
  9507 | Volcano  | Noticed a salamander mystic
  9527 | Volcano  | Killed a salamander mystic
  9527 | Volcano  | Reached skill level 12 in Staves
  9714 | Volcano  | Noticed an orb of fire
  9849 | Volcano  | Reached skill level 10 in Fighting
  9973 | Volcano  | Reached skill level 10 in Armour
  9973 | Volcano  | Noticed a red draconian
  9973 | Volcano  | Noticed an orb of fire
  9996 | Volcano  | HP: 2/97 [red draconian/searing blast (12)]
 10002 | Volcano  | HP: 4/97 [red draconian/+0 dire flail (9)]
 10003 | Volcano  | Slain by a red draconian

Illustrated notes

Levels and vault maps discovered:
D:1:      dpeg_arrival_pits, layout_basic, nrook_campfire
D:2:      layout_basic
D:3:      layout_rooms, vehumet_crystals, gup_sewer_entry_glass,
          gammafunk_ghost_nasty_kobolds, uniq_natasha
D:4:      layout_gridville, kennysheep_little_box, lightli_temple_of_fire,
          kiku_gazebo_pond_becter, serial_shops, nicolae_shop_stone,
          gammafunk_ghost_mausoleum, nicolae_figureground_pulse
D:5:      dreamdust_elfheim, layout_rooms, kennysheep_okawaru_gauntlet,
          mainiacjoe_overflow_24_doors, nrook_loot_triangle,
          ebering_dispersal_statue_hall, uniq_crazy_yiuf_cottage, uniq_sigmund
D:6:      layout_rooms, mainiacjoe_overflow_concentric_impassable,
          temple_fountains, uniq_prince_ribbit1
D:7:      layout_cave_pools, nicolae_uskayaw_dance_hall,
          ashenzari_conservatory_becter, enter_bailey_4
D:8:      layout_cave_pods, nicolae_tso_besieged_by_evil,
          nicolae_gozag_cash_rules_everything_around_me
D:9:      layout_roguey, regret_index_temple_of_mockery, jmf_multi_god_temple2
D:10:     layout_roguey, slow_altar_1, erik_lair_orcish_takeover
Temple:   nicolae_temple_two_arcs
Lair:1:   layout_regular_city, enter_volcano_4, minmay_shattered_shrine,
          uniq_gastronok, uniq_urug, uniq_amaemon
Volcano:  hellmonk_zot_springs

Skill      XL: |  1  2  3  4  5  6  7  8  9 10 11 12 |
---------------+-------------------------------------+-----
Staves         | 3 4 5 6 8 10 11 12 | 12.3
Armour         | 4 5 6 7 8 9 10 | 10.0
Fighting       | 4 5 6 7 8 9 10 | 10.0
Shields        | 5 6 7 8 10 11 | 11.8

Action                     |  1- 3 |  4- 6 |  7- 9 | 10-12 || total
---------------------------+-------+-------+-------+-------++-------
  Melee: Quarterstaff      |    97 |   145 |   228 |       ||   470
         Lajatang          |       |       |    31 |   312 ||   343
 Invoke: Serpent's Lash    |       |       |       |     3 ||     3
Ability: Whirlwind         |       |       |    10 |    24 ||    34
         Lunge             |       |       |    10 |    18 ||    28
         Shaft Self        |       |       |     1 |     1 ||     2
    Use: Potion            |       |     1 |     1 |     8 ||    10
         Scroll            |       |       |    11 |     5 ||    16
   Stab: Confused          |       |       |     1 |       ||     1
         Paralysed         |       |       |     1 |       ||     1
 Armour: Scale mail        |    69 |    99 |   209 |   172 ||   549
         Skin              |       |       |       |     1 ||     1
  Dodge: Dodged            |    51 |    45 |   130 |    93 ||   319
  Block: Buckler           |    31 |    38 |    95 |    98 ||   262

Table legend: (Time is in decaauts)
 A = Elapsed time spent in this place.
 B = Non-inter-level travel time spent in this place.
 C = Inter-level travel time spent in this place.
 D = Time resting spent in this place.
 E = Time spent auto-exploring this place.
 F = Levels seen in this place.
 G = Mean time per level.
                   A        B        C        D        E       F      G
               +--------+--------+--------+--------+--------+-----+--------+
         Total |  10023 |   9790 |    233 |   2242 |   5461 |  14 |  715.9 |
       Dungeon |   8555 |   8322 |    233 |   1621 |   5106 |  10 |  855.5 |
        Temple |     16 |     16 |      0 |      0 |      0 |   1 |   16.0 |
          Lair |    584 |    584 |      0 |    135 |    281 |   1 |  584.0 |
         Sewer |    107 |    107 |      0 |      2 |     16 |   1 |  107.0 |
       Volcano |    758 |    758 |      0 |    484 |     58 |   1 |  758.0 |
               +--------+--------+--------+--------+--------+-----+--------+

Top non-repeatable levels by time:
     D:9: 1463 daAuts
     D:6: 962 daAuts
     D:1: 955 daAuts
     D:5: 898 daAuts
     D:8: 848 daAuts
    D:10: 848 daAuts
     D:4: 804 daAuts
 Volcano: 758 daAuts
     D:2: 692 daAuts
  Lair:1: 584 daAuts
     D:3: 574 daAuts
     D:7: 509 daAuts
   Sewer: 107 daAuts
  Temple: 16 daAuts
